 Dungeon Crawl Stone Soup version 0.28.0-43-g3370ac3207 (webtiles) character file.

Game seed: 8895274474806304551

27 croobank the Skirmisher (level 3, -1/33 HPs)
             Began as a Hill Orc Fighter on Mar 30, 2022.
             Slain by Natasha (6 damage)
             ... on level 2 of the Dungeon.
             The game lasted 00:02:14 (515 turns).

croobank the Skirmisher (Hill Orc Fighter)           Turns: 515, Time: 00:02:15

Health: -1/33      AC:  6    Str: 20    XL:     3   Next: 10%
Magic:  3/3        EV:  9    Int:  8    God:
Gold:   60         SH:  4    Dex: 10    Spells: 2/2 levels left

rFire   . . .      SeeInvis .   a - +0 war axe
rCold   . . .      Faith    .   c - +0 buckler
rNeg    . . .      Spirit   .   b - +0 scale mail
rPois   .          Reflect  .   (no helmet)
rElec   .          Harm     .   (no cloak)
rCorr   .          Rampage  .   (no gloves)
Will    .....                   (no boots)
Stlth   ..........              (no amulet)
HPRegen 0.11/turn               (no ring)
MPRegen 0.08/turn               (no ring)

@: mighty
A: no striking features
a: no special abilities


You were on level 2 of the Dungeon.
You visited 1 branch of the dungeon, and saw 2 of its levels.

You collected 60 gold pieces.

Inventory:

Hand Weapons
 a - a +0 war axe (weapon)
 f - a +4 dagger
Missiles
 g - 85 stones (quivered)
 i - 48 arrows
 j - 19 sling bullets
 k - 39 bolts
Armour
 b - a +0 scale mail (worn)
 c - a +0 buckler (worn)
Scrolls
 e - a scroll of fog {unknown}
 h - a scroll of torment {unknown}


   Skills:
 + Level 4.0 Fighting
 + Level 3.2 Axes
 + Level 3.6 Armour
 + Level 3.6 Shields


You had 2 spell levels left.
You didn't know any spells.
Your spell library contained the following spells:

 Spells                   Type           Power      Damage    Failure   Level
 Summon Guardian Golem    Hex/Summ       0%         N/A       99%         3
 Orb of Destruction       Conj           0%         9d5       100%        7
 Spellforged Servitor     Conj/Summ      0%         N/A       100%        7


Dungeon Overview and Level Annotations

Branches:
Dungeon (1/15)

Altars:

Annotations:
D:2 Natasha


Message History

You barely miss the ball python. The ball python completely misses you.
The ball python grabs you. The ball python constricts you.
The ball python bites you. The ball python constricts you.
Natasha claws you but does no damage.
You closely miss Natasha. You hit the ball python.
You kill the ball python!
Natasha barely misses you.
The white imp hits you but does no damage.
You hit Natasha but do no damage. You barely miss the white imp.
Natasha barely misses you.
The white imp sputters.
The white imp completely misses you.
You hit Natasha but do no damage. You barely miss the white imp.
Natasha claws you.
The white imp picks up a beetle and eats it.
The white imp barely misses you.
Natasha mumbles some strange words.
You hit Natasha.
Natasha is heavily wounded.
You barely miss the white imp. You block the white imp's attack.
Natasha claws you. The white imp hits you. The white imp freezes you.
You closely miss Natasha.
Natasha is heavily wounded.
You closely miss the white imp. Natasha claws you but does no damage.
The white imp barely misses you.
You closely miss Natasha.
Natasha is heavily wounded.
You hit the crimson imp. You barely miss the white imp.
Natasha mumbles some strange words.
The crimson imp hits you but does no damage.
The white imp barely misses you. Natasha claws you.
You hit Natasha.
Natasha is severely wounded.
You completely miss the white imp. You barely miss the crimson imp.
The crimson imp blinks!
The white imp hits you. The white imp freezes you.
* * * LOW HITPOINT WARNING * * *
Natasha barely misses you. You block the white imp's attack.
You feel very mighty all of a sudden. Natasha claws you.
You die...

$#.. .#.#
...# ...#
...#
######...##+#
#............
#.#..@5......
#...#5h......
###.#....5...
#.#........
#.#........
#.#........
#.#........
#.#........
#.#


You could see Natasha, a crimson imp (summoned) and 2 white imps.

Vanquished Creatures
  3 dart slugs (D:1)
  4 ball pythons
  A bat (D:1)
  An endoplasm (D:1)
  A giant cockroach (D:1)
  A goblin (D:1)
  2 jackals (D:1)
  A quokka (D:1)
  3 frilled lizards (D:1)
  3 kobolds (D:1)
  A rat (D:1)
21 creatures vanquished.

Notes
Turn   | Place    | Note
-------+----------+-------------------------------------------
     0 | D:1      | croobank the Hill Orc Fighter began the quest for the Orb.
     0 | D:1      | Reached XP level 1. HP: 19/19 MP: 1/1
    49 | D:1      | Reached XP level 2. HP: 27/27 MP: 2/2
   332 | D:1      | Reached skill level 4 in Fighting
   446 | D:1      | Reached XP level 3. HP: 33/33 MP: 3/3
   502 | D:1      | You fall into a shaft and drop 1 floor!
   503 | D:2      | Noticed Natasha
   515 | D:2      | Slain by Natasha

Illustrated notes

Levels and vault maps discovered:
D:1:      nzn_arrival_water_spiral, layout_basic
D:2:      layout_basic, uniq_natasha, uniq_robin

Skill      XL: |  1  2 |
---------------+-------+-----
Axes           | 3 |  3.2
Fighting       | 4 |  4.0
Armour         | |  3.6
Shields        | |  3.6

Action                   || total
-------------------------++-------
Melee: War axe           ||    65
  Use: Potion            ||     1
Armor: Scale mail        ||    40
Dodge: Dodged            ||    48
Block: Buckler           ||    21
